 Dungeon Crawl Stone Soup version 0.25-a0-835-gb37b1c2 (webtiles) character file.

Game seed: 1482516943828145265, levelgen mode: deterministic

5114 MrTaco21 the Basher (level 10, -1/56 HPs)
             Began as a Gargoyle Fighter on Apr 23, 2020.
             Was an Elder of Qazlal.
             Killed by the air
             ... invoked by Gastronok
              (12 damage)
             ... on level 8 of the Dungeon.
             The game lasted 00:13:19 (6240 turns).

MrTaco21 the Basher (Gargoyle Fighter)              Turns: 6240, Time: 00:13:20

Health: -1/56      AC: 16    Str: 23    XL:     10   Next: 58%
Magic:  0/10       EV:  6    Int:  9    God:    Qazlal [****..]
Gold:   469        SH: 20    Dex: 14    Spells: 9/9 levels left

rFire    . . .     SeeInvis .   H - +1 morningstar (drain)
rCold    . . .     Gourm    .   u - +0 tower shield
rNeg     + . .     Faith    .   D - +0 acid dragon scales
rPois    ∞         Spirit   +   (no helmet)
rElec    +         Reflect  .   k - scarf {Spirit}
rCorr    +         Harm     .   y - +0 pair of gloves
MR       .....                  h - +0 pair of boots
Stlth    +.........             (no amulet)
HPRegen  0.18/turn              (no ring)
MPRegen  0.12/turn              A - +5 ring of dexterity

@: repel missiles
A: negative energy resistance 1, electricity resistance, unbreathing,
petrification resistance, rot immunity, AC +7
a: Upheaval, Elemental Force, Renounce Religion


You were on level 8 of the Dungeon.
You worshipped Qazlal.
Qazlal was greatly pleased with you.
You were not hungry.

You visited 2 branches of the dungeon, and saw 9 of its levels.

You collected 469 gold pieces.

Inventory:

Hand Weapons
 F - the +5 whip of Ruefyge {protect, Str+3 Dex+5}
   (You found it on level 7 of the Dungeon)

   It grants its wielder temporary protection when it strikes (+7 to AC).
   It affects your strength (+3).
   It affects your dexterity (+5).
 H - a +1 morningstar of draining (weapon)
   (You took it off an orc on level 7 of the Dungeon)
Missiles
 o - 26 poisoned darts (quivered)
 I - 3 throwing nets {!f}
Armour
 h - a +0 pair of boots (worn)
   (You found it on level 1 of the Dungeon)
 k - a scarf of spirit shield (worn)
   (You found it on level 1 of the Dungeon)
 u - a +0 tower shield (worn)
   (You found it on level 2 of the Dungeon)
 v - a +0 plate armour
   (You found it on level 3 of the Dungeon)
 y - a +0 pair of gloves (worn)
   (You found it on level 4 of the Dungeon)
 D - +0 acid dragon scales (worn)
   (You found it on level 4 of the Dungeon)
Jewellery
 A - a +5 ring of dexterity (right hand)
   (You found it on level 6 of the Dungeon)
Wands
 d - a wand of iceblast (5)
   (You found it on level 7 of the Dungeon)
 t - a wand of flame (36)
   (You found it on level 3 of the Dungeon)
 x - a wand of acid (15)
   (You found it on level 7 of the Dungeon)
Scrolls
 a - a scroll of identify {@r1}
 b - 2 scrolls of fear {unknown}
 i - a scroll of amnesia {unknown}
 j - 5 scrolls of teleportation {@r4}
 l - a scroll of fog {unknown}
 n - 3 scrolls of magic mapping {unknown}
 p - 4 scrolls of remove curse {@r2}
 q - 7 scrolls of enchant weapon
 r - 2 scrolls of blinking {unknown}
 B - 2 scrolls of random uselessness {unknown}
 C - 4 scrolls of enchant armour {unknown}
 E - a scroll of silence {unknown}
Potions
 c - a potion of stabbing {unknown}
 f - a potion of heal wounds {unknown}
 g - 4 potions of brilliance {unknown}
 m - 2 potions of haste {unknown}
 s - 3 potions of mutation {unknown}
 w - 4 potions of curing {unknown}
 z - 2 potions of lignification {unknown}
 G - 2 potions of ambrosia {unknown}
 J - a potion of berserk rage {unknown}
 K - a potion of degeneration {unknown}
 L - 5 potions of might
Comestibles
 e - 10 rations {!d}


   Skills:
 - Level 3.2 Fighting
 + Level 14.7 Maces & Flails
 - Level 3.2 Armour
 - Level 3.2 Shields


You had 9 spell levels left.
You didn't know any spells.
Your spell library contained the following spells:

 Spells                   Type           Power        Failure   Level  Hunger
 Animate Skeleton         Necr           N/A          100%        1    ##.....
 Corona                   Hex            #......      100%        1    ##.....
 Pain                     Necr           #...         100%        1    ##.....
 Ensorcelled Hibernation  Hex/Ice        #.....       100%        2    ###....
 Confusing Touch          Hex            #.......     100%        3    ####...
 Dazzling Flash           Conj/Hex       #.....       100%        3    ####...
 Gell's Gravitas          Tloc           #.........   100%        3    ####...
 Tukima's Dance           Hex            #.......     100%        3    ####...
 Vampiric Draining        Necr           #.........   100%        3    ####...
 Animate Dead             Necr           N/A          100%        4    #####..
 Petrify                  Tmut/Erth      #.......     100%        4    #####..
 Agony                    Necr           #.......     100%        5    ######.
 Metabolic Englaciation   Hex/Ice        #.........   100%        5    ######.
 Yara's Violent Unravell  Hex/Tmut       #.........   100%        5    ######.


Dungeon Overview and Level Annotations

Branches:
Dungeon (8/15)             Temple (1/1) D:7
   Lair: D:8-11

Altars:
Ashenzari
Cheibriados
Dithmenos
Elyvilon
Gozag
Hepliaklqana
Kikubaaqudgha
Makhleb
Nemelex Xobeh
Okawaru
Qazlal
Ru
Sif Muna
Trog
Uskayaw
Vehumet
Wu Jian
Xom
Yredelemnul
The Shining One

Shops:
D:6 ==*!=

Annotations:
D:8 Gastronok


Innate Abilities, Weirdness & Mutations

You are resistant to torment.
Your stone body is resilient. (AC +7)
You are immune to poison.
You resist negative energy. (rN+)
You are resistant to electric shocks. (rElec)
You can survive without breathing.
You are immune to petrification.
You are immune to rotting.


Message History

You kill the centaur!
Qazlal accepts your kill.
The crimson imp laughs crazily.
You block the crimson imp's attack.
You closely miss the crimson imp. You block the crimson imp's attack.
You closely miss the crimson imp. You block the crimson imp's attack.
The two-headed ogre is engulfed in blazing flames.
The two-headed ogre hits you with a +0 giant spiked club!!
You block the two-headed ogre's attack.
You hit the two-headed ogre. You drain the two-headed ogre.
The crimson imp disappears for a moment.
The crimson imp barely misses you.
The two-headed ogre is engulfed in blazing flames.
You block the two-headed ogre's attack.
The two-headed ogre completely misses you.
The worker ant bites you.
You puncture the two-headed ogre! You drain the two-headed ogre.
The crimson imp hits you but does no damage.
You block the worker ant's attack.
You impale the two-headed ogre!!
You kill the two-headed ogre!
Qazlal accepts your kill. You block the crimson imp's attack.
You hit the crimson imp but do no damage.
You block the worker ant's attack. x2
The crimson imp grinds its teeth.
You block the crimson imp's attack.
You impale the crimson imp!!
You kill the crimson imp!
Qazlal accepts your kill. You block the worker ant's attack.
Your shield prevents you from hitting the worker ant.
You block the worker ant's attack.
You closely miss the worker ant. You block the worker ant's attack.
You barely miss the worker ant. You block the worker ant's attack.
You hit the worker ant. You drain the worker ant.
You block the worker ant's attack.
Gastronok waves his eye-stalks in wide circles.
The air twists around and strikes you!!
* * * LOW HITPOINT WARNING * * *
You block the worker ant's attack.
Your shield prevents you from hitting the worker ant.
You block the worker ant's attack.
You closely miss the worker ant. You block the worker ant's attack.
You puncture the worker ant!
You kill the worker ant!
Qazlal accepts your kill.
Gastronok waves his eye-stalks in wide circles.
The air twists around and strikes you!
You die...

....##.##..[[.......
....#...#.)#........
..........#........
.w.._.....<.......
....................
...%#...#...........
....##.##.°........(
......)○...........
#.....@°..#.#.##..
#.....°°☼......# .
#.#..☼..°......#
......#..........
.................
.######..........
####....... #.>....
......


You could see Gastronok.

Vanquished Creatures
  Harold (D:7)
  2 two-headed ogres
  A hippogriff (D:6)
  Duvessa (D:7)
  2 ice beasts
  A black bear (D:7)
  3 phantoms
  A necrophage (D:6)
  3 ogres
  2 centaurs
  3 bullfrogs
  Blork the orc (D:5)
  Dowan (D:7)
  3 scorpions
  3 vampire bats (D:3)
  An electric eel (D:7)
  3 crimson imps
  A howler monkey (D:4)
  2 bullfrog zombies (D:7)
  A centaur zombie (D:5)
  A jelly (D:7)
  Crazy Yiuf (D:6)
  2 centaur skeletons
  4 orc priests
  4 hounds
  Terence (D:3)
  2 iguanas
  8 orc wizards
  3 worker ants
  A howler monkey zombie (D:7)
  17 adders
  2 shadow imps (D:6)
  An ooze (D:6)
  An adder zombie (D:7)
  5 worms
  2 dart slugs
  3 leopard geckos
  20 orcs
  3 bat skeletons (D:3)
  A bat zombie (D:3)
  4 giant cockroaches
  10 hobgoblins
  15 jackals
  7 kobolds
  3 quokkas
  5 ball pythons
  6 bats
  4 frilled lizards
  A giant cockroach zombie (D:5)
  2 gnoll zombies (D:6)
  8 goblins
  A quokka skeleton (D:7)
  9 rats
193 creatures vanquished.

Notes
Turn   | Place    | Note
-------+----------+-------------------------------------------
     0 | D:1      | MrTaco21 the Gargoyle Fighter began the quest for the Orb.
     0 | D:1      | Reached XP level 1. HP: 14/14 MP: 1/1
   246 | D:1      | Reached XP level 2. HP: 15/19 MP: 2/2
   445 | D:1      | Reached skill level 3 in Maces & Flails
   652 | D:2      | Found a stormy altar of Qazlal.
   680 | D:2      | Became a worshipper of Qazlal Stormbringer
   687 | D:2      | Reached XP level 3. HP: 23/23 MP: 3/3
   728 | D:2      | Reached skill level 4 in Maces & Flails
   829 | D:2      | Reached XP level 4. HP: 27/28 MP: 4/4
  1010 | D:2      | Reached * piety under Qazlal
  1046 | D:2      | Found a sparkling altar of Nemelex Xobeh.
  1409 | D:3      | Found an ancient bone altar of Kikubaaqudgha.
  1445 | D:3      | Reached skill level 5 in Maces & Flails
  1445 | D:3      | Reached XP level 5. HP: 27/32 MP: 3/5
  1554 | D:3      | Found a bloodstained altar of Trog.
  1597 | D:3      | Reached skill level 6 in Maces & Flails
  1623 | D:3      | Reached XP level 6. HP: 37/37 MP: 6/6
  1634 | D:3      | Found a shattered altar of Ashenzari.
  1835 | D:3      | Reached ** piety under Qazlal
  2135 | D:3      | Noticed Terence
  2142 | D:3      | Killed Terence
  2335 | D:4      | You fall into a shaft and drop 1 floor!
  2335 | D:5      | Entered Level 5 of the Dungeon
  2353 | D:5      | Found a radiant altar of Vehumet.
  2382 | D:5      | Found a hide-covered altar of Uskayaw.
  2446 | D:5      | Noticed Blork the orc
  2449 | D:5      | Found a shadowy altar of Dithmenos.
  2452 | D:5      | Killed Blork the orc
  2452 | D:5      | Reached skill level 7 in Maces & Flails
  2452 | D:5      | Reached XP level 7. HP: 41/41 MP: 7/7
  2611 | D:5      | Found an opulent altar of Gozag.
  2719 | D:5      | Reached skill level 8 in Maces & Flails
  2920 | D:4      | Found an ornate altar of the Wu Jian Council.
  2961 | D:4      | Reached *** piety under Qazlal
  3029 | D:4      | Found a hazy altar of Hepliaklqana.
  3146 | D:4      | Reached skill level 9 in Maces & Flails
  3180 | D:4      | Reached XP level 8. HP: 46/46 MP: 8/8
  3704 | D:6      | Found Otig Hae's Jewellery Shop.
  3756 | D:6      | Reached skill level 10 in Maces & Flails
  3867 | D:6      | Found Ikacieps's Jewellery Shop.
  3909 | D:6      | Reached **** piety under Qazlal
  4055 | D:6      | Found Iheveyvuar's Distillery.
  4088 | D:6      | Found Cifre's Assorted Antiques.
  4128 | D:6      | Reached skill level 11 in Maces & Flails
  4160 | D:6      | Found a basalt altar of Yredelemnul.
  4201 | D:6      | Found a runed translucent door.
  4202 | D:6      | Noticed Crazy Yiuf
  4415 | D:6      | Found Muuppunotz's Jewellery Shop.
  4599 | D:6      | Killed Crazy Yiuf
  4669 | D:7      | Reached XP level 9. HP: 51/51 MP: 9/9
  4791 | D:7      | Noticed Harold
  4837 | D:7      | Killed Harold
  4837 | D:7      | Reached skill level 12 in Maces & Flails
  4868 | D:7      | Reached skill level 13 in Maces & Flails
  4991 | D:7      | Noticed a two-headed ogre
  5008 | D:7      | Killed a two-headed ogre
  5008 | D:7      | Reached XP level 10. HP: 47/56 MP: 8/10
  5091 | D:7      | Found a staircase to the Ecumenical Temple.
  5104 | D:7      | Noticed Duvessa
  5108 | D:7      | Killed Duvessa
  5109 | D:7      | Noticed Dowan
  5111 | D:7      | Killed Dowan
  5123 | Temple   | Entered the Ecumenical Temple
  5252 | D:7      | Reached skill level 14 in Maces & Flails
  5314 | D:7      | Got a jewelled whip
  5315 | D:7      | Identified the +5 whip of Ruefyge {protect, Str+3 Dex+5}
                  | (You found it on level 7 of the Dungeon)
  6003 | D:8      | Found an iron altar of Okawaru.
  6009 | D:8      | Noticed Gastronok
  6219 | D:8      | Noticed a two-headed ogre
  6231 | D:8      | Killed a two-headed ogre
  6240 | D:8      | Killed from afar by Gastronok

Levels and vault maps discovered:
D:1:      minmay_arrival_stair_chambers, layout_loops_ring,
          kennysheep_nondescript
D:2:      layout_loops_ring, overflow_temple_1_default,
          lemuel_coloured_pillars_altar
D:3:      layout_loops_ring, kennysheep_vampire_church, marbit_many_paths,
          nicolae_ashenzari_panopticon, uniq_terence
D:4:      layout_basic, old_standard_altar, lemuel_doored_altar, first_ration,
          minmay_misc_feat_five, small_statue_intersection, minmay_snake_closets
D:5:      layout_cave_pools, lemuel_round_altar, old_standard_altar,
          serial_column_ruins, column_ruins_square_medium, column_ruins_hut,
          column_ruins_columns_straight, column_ruins_grid_3,
          column_ruins_open_small, column_ruins_grid_1, column_ruins_open_small,
          column_ruins_corridor_straight, basic_altar, st_stairs_13,
          nicolae_gozag_cash_rules_everything_around_me, uniq_blork_the_orc
D:6:      layout_loops_ring, lemuel_zombie_altar_yredelemnul, serial_shops,
          shop, shop_coins, kennysheep_mini, shop, nicolae_shop_stone,
          uniq_crazy_yiuf_cottage
D:7:      layout_gridville, minmay_temple_entry_wispy, minivault_4,
          serial_park_tiny_pond, uniq_harold, uniq_duvessa
D:8:      layout_rooms, old_standard_altar, okawaru_gym_becter, zin_academy,
          grunt_pizzeria, minmay_circle_x, uniq_gastronok
Temple:   zaba_magenta_temple

Skill      XL: |  1  2  3  4  5  6  7  8  9 10 |
---------------+-------------------------------+-----
Maces & Flails | 3 4 5 6 7 9 11 13 14 | 14.7
Fighting       | |  3.2
Armour         | |  3.2
Shields        | |  3.2

Action                   |  1- 3 |  4- 6 |  7- 9 | 10-12 || total
-------------------------+-------+-------+-------+-------++-------
Melee: Flail             |   135 |   269 |   331 |       ||   735
       Morningstar       |       |       |    40 |    87 ||   127
Throw: Dart              |       |       |     5 |       ||     5
  Use: Scroll            |       |       |     5 |       ||     5
  Eat: Chunk             |       |     6 |     9 |     2 ||    17
       Ration            |       |       |       |     1 ||     1
Armor: Scale mail        |    58 |   176 |    52 |       ||   286
       Acid dragon scale |       |       |    48 |    14 ||    62
Dodge: Dodged            |    46 |    66 |    32 |     7 ||   151
Block: Kite shield       |    57 |    35 |       |       ||    92
       Tower shield      |       |   259 |   306 |    63 ||   628

Table legend:
 A = Non-vault XP
 B = Vault XP
 C = Vault XP percentage of total XP
 D = Non-vault monster count
 E = Vault monster count
 F = Vault count percentage of total count
                 A         B        C        D         E       F
            +---------+---------+-------+---------+---------+-------
      Total |    5706 |    1600 |  21.9 |     169 |      24 |  12.4
            +---------+---------+-------+---------+---------+-------
        D:1 |      26 |       0 |   0.0 |      15 |       0 |   0.0
        D:2 |      89 |       0 |   0.0 |      29 |       0 |   0.0
        D:3 |     189 |     221 |  53.9 |      33 |       9 |  21.4
        D:4 |     473 |      69 |  12.7 |      23 |       8 |  25.8
        D:5 |     258 |      85 |  24.8 |      12 |       1 |   7.7
        D:6 |    1154 |      45 |   3.8 |      17 |       3 |  15.0
        D:7 |    2322 |    1180 |  33.7 |      32 |       3 |   8.6
        D:8 |    1195 |       0 |   0.0 |       8 |       0 |   0.0
            +---------+---------+-------+---------+---------+-------
